 Dungeon Crawl Stone Soup version 0.27-a0-1597-ge58577e147 (webtiles) character file.

Game seed: 14788349787742060557

184 Lusmu the Grave Robber (level 5, -1/38 HPs)
             Began as a Ghoul Necromancer on July 21, 2021.
             Slain by a black bear (2 damage)
             ... on level 3 of the Dungeon.
             The game lasted 00:14:05 (4271 turns).

Lusmu the Grave Robber (Ghoul Necromancer)          Turns: 4271, Time: 00:14:06

Health: -1/38      AC:  3    Str: 12    XL:     5   Next: 64%
Magic:  7/8        EV: 12    Int: 11    God:
Gold:   150        SH:  0    Dex:  9    Spells: 9/10 levels left

rFire    + . .     SeeInvis .   b - +0 whip (venom)
rCold    + + .     Faith    .   (no shield)
rNeg     + + +     Spirit   .   a - +0 robe
rPois    ∞         Reflect  .   (no helmet)
rElec    +         Harm     .   j - +0 cloak
rCorr    +         Rampage  .   (no gloves)
Will     +....                  (no boots)
Stlth    ++........             (no amulet)
HPRegen  0.00/turn              s - ring of willpower
MPRegen  0.11/turn              (no ring)

@: resistant
A: claws 1, cold resistance 1, negative energy resistance 3, inhibited
regeneration, torment resistance 2
a: no special abilities


You were on level 3 of the Dungeon.
You visited 1 branch of the dungeon, and saw 4 of its levels.

You collected 150 gold pieces.

Inventory:

Hand Weapons
 b - a +0 whip of venom (weapon)
 m - a +0 hand axe of freezing
Missiles
 q - 7 boomerangs
Armour
 a - a +0 robe (worn)
 j - a +0 cloak (worn)
 k - a +0 leather armour
Jewellery
 s - a ring of willpower (left claw)
Wands
 r - a wand of mindburst (18)
Scrolls
 e - a scroll of enchant armour
 h - a scroll of fear {unknown}
 l - a scroll of magic mapping
 n - a scroll of acquirement {unknown}
 o - 2 scrolls of immolation {unknown}
Potions
 d - 2 potions of curing


   Skills:
 - Level 1.7 Dodging
 - Level 4.0 Stealth
 - Level 3.0 Spellcasting
 + Level 5.3 Necromancy


You had 9 spell levels left.
You knew the following spells:

 Your Spells              Type           Power      Damage    Failure   Level
a - Pain                  Necr           52%        1d6       3%          1

Your spell library contained the following spells:

 Spells                   Type           Power      Damage    Failure   Level
 Animate Skeleton         Necr           26%        N/A       3%          1
 Vampiric Draining        Necr           6%         2d6       9%          3
 Corona                   Hex            1%         N/A       26%         1
 Foxfire                  Conj/Fire      4%         2x1d4     26%         1
 Animate Dead             Necr           6%         N/A       30%         4
 Blink                    Tloc           N/A        N/A       36%         2
 Ensorcelled Hibernation  Hex/Ice        2%         N/A       36%         2
 Conjure Flame            Conj/Fire      1%         6-21      61%         3
 Inner Flame              Hex/Fire       1%         N/A       61%         3
 Tukima's Dance           Hex            1%         N/A       61%         3
 Agony                    Necr           13%        N/A       63%         5
 Manifold Assault         Tloc           1%         N/A       100%        5
 Storm Form               Tmut/Air       Unusable   N/A       N/A         7

Dungeon Overview and Level Annotations

Branches:
Dungeon (4/15)
 Temple: D:4-7

Altars:


Innate Abilities, Weirdness & Mutations

You thrive by killing the living.
You are immune to poison.
You have sharp fingernails.
Your flesh is cold resistant. (rC+)
You are immune to negative energy. (rN+++)
You do not regenerate when monsters are visible.
You are immune to unholy pain and torment.


Message History

Press: ? - help, Shift-Dir - straight line, f/p - black bear
Aim: a black bear (lightly wounded, poisoned, chance to affect: 70%)
The black bear struggles to resist.
It was a potion of heal wounds.
You feel much better.
The black bear looks more healthy.
The black bear closely misses you. The black bear claws you.
The black bear closely misses you.
It was a potion of resistance.
You feel protected. The black bear barely misses you.
The black bear closely misses you. The black bear completely misses you.
As you read the scroll labelled UTATAW GUDGH, it crumbles to dust.
You feel aware of your surroundings.
It was a scroll of magic mapping.
The black bear bites you. The black bear claws you.
The black bear claws you but does no damage.
You hit the black bear.
The black bear is poisoned.
The black bear is moderately wounded.
The black bear bites you! The black bear claws you. x2
* * * LOW HITPOINT WARNING * * *
The black bear bites you but does no damage.
The black bear claws you but does no damage.
The black bear claws you.
* * * LOW HITPOINT WARNING * * *
You barely miss the black bear.
The black bear is heavily wounded.
The black bear barely misses you.
The black bear claws you but does no damage.
The black bear misses you.
You barely miss the black bear.
The black bear is heavily wounded.
The black bear bites you.
* * * LOW HITPOINT WARNING * * *
The black bear closely misses you. The black bear claws you.
* * * LOW HITPOINT WARNING * * *
You hit the black bear.
The black bear is heavily wounded.
The black bear closely misses you. The black bear barely misses you. x2
You barely miss the black bear.
The black bear is heavily wounded.
The black bear barely misses you. The black bear claws you.
You die...

....#####.# #....##.###.#####.#
..........#####..#.##...........#
.................#.######.#####.#
....############(#.# #.# #.#
....# #...# #.# #.# ##.## #####
#.### #.# #.. #.#
##.(.###.########.## ###
#.######.....##...........######
#..........>.##@###.####........
########.....##h##.#.......#####
##.(.##...##.#####..#####
##.##.###.............#. #....#
#.#.#####..##.#. ####.#*#.#.#
#..##... ##...##.#####.......
*#.###...........#.
#.##########.##.#.


You could see a black bear (very poisoned).

Vanquished Creatures
  A howler monkey (D:4)
  Terence (D:3)
  An orc wizard (D:3)
  3 adders (D:3)
  3 dart slugs
  4 orcs (D:3)
  5 endoplasms
  4 giant cockroaches
  6 goblins
  6 hobgoblins
  5 kobolds
  4 quokkas (D:1)
  7 ball pythons
  5 bats
  4 frilled lizards
  3 rats
62 creatures vanquished.

Notes
Turn   | Place    | Note
-------+----------+-------------------------------------------
     0 | D:1      | Lusmu the Ghoul Necromancer began the quest for the Orb.
     0 | D:1      | Reached XP level 1. HP: 14/14 MP: 2/2
   609 | D:1      | Reached XP level 2. HP: 20/20 MP: 0/3
   932 | D:1      | Reached XP level 3. HP: 25/26 MP: 2/5
   981 | D:1      | Found a faded altar of an unknown god.
  2434 | D:3      | Noticed a black bear
  2481 | D:3      | Reached XP level 4. HP: 25/33 MP: 6/6
  2854 | D:3      | Noticed Terence
  2865 | D:3      | Killed Terence
  2866 | D:3      | Reached XP level 5. HP: 8/38 MP: 3/8
  3951 | D:4      | Noticed a phantom
  4230 | D:4      | Reached skill level 5 in Necromancy
  4269 | D:3      | HP: 1/38 [black bear (2)]
  4271 | D:3      | Slain by a black bear

Illustrated notes

Levels and vault maps discovered:
D:1:      dpeg_arrival_houses_and_road, layout_basic,
          shapermc_ecumenical_altar_acropolis
D:2:      layout_rooms, serial_bayou_crossing
D:3:      layout_loops_ring, ebering_dispersal_statue_hall, uniq_terence
D:4:      layout_basic, kennysheep_donut, dk_rats_in_the_wall

Skill      XL: |  1  2  3  4  5 |
---------------+----------------+-----
Spellcasting   | 2 3 |  3.0
Stealth        | 3 4 |  4.0
Necromancy     | 5 |  5.3
Dodging        | |  1.7

Action                   |  1- 3 |  4- 6 || total
-------------------------+-------+-------++-------
Melee: Club              |    97 |       ||    97
       Whip              |    14 |    84 ||    98
Throw: Dart              |       |     5 ||     5
 Cast: Pain              |    48 |     9 ||    57
  Use: Scroll            |       |     3 ||     3
       Potion            |       |     3 ||     3
 Stab: Sleeping          |     3 |     2 ||     5
Armor: Robe              |    29 |    22 ||    51
Dodge: Dodged            |   107 |    51 ||   158

Table legend: (Time is in decaauts)
 A = Elapsed time spent in this place.
 B = Non-inter-level travel time spent in this place.
 C = Inter-level travel time spent in this place.
 D = Time resting spent in this place.
 E = Time spent auto-exploring this place.
 F = Levels seen in this place.
 G = Mean time per level.
                   A        B        C        D        E       F      G
               +--------+--------+--------+--------+--------+-----+--------+
         Total |   4316 |   4200 |    116 |   1523 |   1027 |   4 | 1079.0 |
       Dungeon |   4316 |   4200 |    116 |   1523 |   1027 |   4 | 1079.0 |
               +--------+--------+--------+--------+--------+-----+--------+

Top non-repeatable levels by time:
     D:3: 1643 daAuts
     D:1: 1573 daAuts
     D:2: 963 daAuts
     D:4: 136 daAuts
